AoeStats
← Chigüiro

Arena

510015906Analyzed
4v4 RM · 3d ago on Sep 29, 2026· 39m 31s· 8 players
Game mode
Random Map
Map size
Large (8 player)
Population
200
Speed
Normal
Resources
Standard
Victory
Conquest
Starting age
Dark Age
Ending age
Imperial Age
RankedLock teamsTeams togetherTeam positionsShared explorationLock speedFull tech treeHidden civsTurbo modeCheats
Victory
Defeat
🇨🇴 Hindustanis · Colombia
1563
+12
🇨🇱 Bulgarians · Chile
1553
+12
🇨🇱 Italians · Chile
1484
+15
🇨🇳 Varangians · China
1387
+19
🇺🇸 Gurjaras · United States
1582
-19
🇺🇸 Koreans · United States
1464
-15
🇲🇽 Georgians · Mexico
1428
-13
🇺🇸 Malay · United States
1363
-11
Enter a Name
12:30 Feudal Age
16:08 Castle Age
14:02 Double-Bit Axe
14:14 Horse Collar
17:25 Wheelbarrow
17:19 Bow Saw
18:28 Hand Cart
18:03 Loom
21:30 Heavy Plow
21:23 Gold Mining
23:51 Stone Mining
25:11 Gold Shaft Mining
28:02 Imperial Age
25:49 Treadmill Crane
26:13 Fletching
27:03 Bodkin Arrow
28:57 Stone Shaft Mining
28:37 Masonry
29:43 Chemistry
29:09 Conscription
30:52 Guilds
30:48 Bracer
32:05 Masonry
32:59 Caravan
33:08 Thumb Ring
33:09 Pikeman
33:50 Scale Mail Armor
34:01 Forging
33:50 Halberdier
36:03 Chain Mail Armor
36:24 Iron Casting
35:57 Elite War Wagon
Fluffy Chirp
10:13 Feudal Age
11:06 Double-Bit Axe
11:24 Loom
14:00 Castle Age
12:03 Horse Collar
17:16 Sanctity
18:29 Redemption
19:08 Fervor
23:26 Bow Saw
28:07 Wheelbarrow
27:33 Heavy Plow
30:14 Gold Mining
30:18 Stone Mining
33:34 Imperial Age
33:12 Scale Barding Armor
33:18 Forging
34:29 Chain Barding Armor
33:48 Heavy Camel Rider
34:38 Bloodlines
34:29 Husbandry
35:36 Iron Casting
36:44 Plate Barding Armor
37:05 Gold Shaft Mining
39:36 Fletching
.|.
10:05 Feudal Age
10:53 Loom
14:28 Castle Age
12:37 Double-Bit Axe
13:16 Horse Collar
22:16 Wheelbarrow
23:18 Bow Saw
24:18 Heavy Plow
28:31 Imperial Age
26:05 Gold Mining
27:14 Masonry
27:02 Murder Holes
27:15 Stone Mining
27:26 Fletching
27:37 Padded Archer Armor
28:07 Ballistics
28:49 Bodkin Arrow
29:09 Leather Archer Armor
28:19 Elite Skirmisher
30:02 Bracer
30:43 Parthian Tactics
31:12 Crop Rotation
33:13 Chemistry
34:56 Forging
34:46 Scale Mail Armor
35:12 Heavy Cavalry Archer
Lobby Link
11:20 Feudal Age
15:20 Castle Age
13:17 Double-Bit Axe
13:51 Horse Collar
15:48 Forging
18:05 Arson
31:35 Heavy Plow
35:34 Bow Saw
35:14 Gold Mining
35:39 Pikeman
36:20 Squires
36:16 Gold Mining
El Choro Stifen
11:23 Feudal Age
12:47 Double-Bit Axe
15:28 Castle Age
16:32 Bow Saw
16:40 Horse Collar
18:55 Wheelbarrow
21:21 Loom
24:29 Imperial Age
22:27 Gold Mining
22:51 Fletching
23:41 Bodkin Arrow
24:30 Town Watch
26:47 Chemistry
32:42 Bracer
32:43 Padded Archer Armor
34:38 Leather Archer Armor
35:01 Masonry
35:12 Ballistics
38:36 Conscription
38:55 Hoardings
红黑EX
11:15 Feudal Age
15:42 Castle Age
14:01 Horse Collar
15:10 Double-Bit Axe
16:43 Wheelbarrow
16:56 Bow Saw
19:37 Loom
24:21 Stone Mining
26:11 Heavy Plow
29:28 Imperial Age
27:02 Gold Mining
27:33 Bloodlines
28:01 Scale Barding Armor
28:06 Forging
28:49 Husbandry
29:27 Iron Casting
29:01 Light Cavalry
30:03 Chain Barding Armor
29:47 Elite Jarl
31:42 Conscription
32:24 Plate Barding Armor
32:49 Blast Furnace
31:33 Hussar
37:13 Hand Cart
Chigüiro
10:56 Feudal Age
14:36 Castle Age
12:28 Double-Bit Axe
13:26 Horse Collar
16:14 Forging
20:13 Iron Casting
20:30 Loom
21:11 Bow Saw
22:33 Light Cavalry
24:23 Scale Barding Armor
26:33 Bloodlines
28:07 Chain Barding Armor
30:00 Wheelbarrow
29:42 Husbandry
29:53 Gold Mining
32:39 Imperial Age
30:54 Coinage
31:17 Grand Trunk Road
31:37 Padded Archer Armor
32:45 Ballistics
32:43 Leather Archer Armor
33:04 Gold Shaft Mining
34:30 Chemistry
33:37 Siege Engineers
33:01 Hussar
34:59 Shatagni
35:55 Heavy Plow
35:43 Town Watch
36:46 Conscription
39:02 Fletching
Patopsx
10:20 Feudal Age
11:27 Loom
14:03 Castle Age
11:55 Horse Collar
12:34 Double-Bit Axe
18:09 Squires
18:10 Scale Mail Armor
21:30 Gambesons
25:20 Forging
28:45 Arson
29:25 Bow Saw
32:10 Wheelbarrow
35:25 Hand Cart
35:32 Chain Mail Armor
35:33 Heavy Plow
36:24 Iron Casting
38:00 Town Watch
41:42 Imperial Age
38:38 Pikeman
Connection lost

Rejoining the realm…

Still unreachable

The connection could not be restored.

Session expired

The server has moved on; the page needs a fresh start.